Cogmind - Beta 14 @@@ ROGUE MODE // 2024.11.08 @ 15:21:26 Player: OG DANIEL Result: Self-destructed Performance ------------- Evolutions (2) 1000 Regions Visited (3) 600 Robots Destroyed (65) 325 Value Destroyed (1955) 1955 Prototype IDs (0) 0 Alien Tech Used (0) 0 Bonus (11) 11 TOTAL SCORE: 3891 Bonus ------- High Alert Combat Kills 11 Cogmind --------- Core Integrity 188/550 Matter 15/300 Energy 355/440 System Corruption 10% Temperature Cool (94) Movement Core (650) Ox12 Location -8/Materials Parts ------- > --- POWER (2) -------- Reinforced Ion Engine Deuterium Engine > --- PROPULSION (4) --- (None) > --- UTILITY (3) ------ Large Storage Unit Advanced Targeting Computer > --- WEAPON (2) ------- (None) > --- INVENTORY (15) --- Light Nuclear Core Aluminum Leg Aluminum Leg Large Storage Unit Medium Laser Flak Gun Flak Gun Peak State ------------ > --- POWER ------------ Reinforced Ion Engine Nuclear Core > --- PROPULSION ------- Light Treads Light Treads Aluminum Leg Improved Carbon-fiber Leg > --- UTILITY ---------- Large Storage Unit Advanced Targeting Computer Transmission Jammer > --- WEAPON ----------- Flak Gun Flak Gun > --- INVENTORY -------- Deuterium Engine Nuclear Core Light Treads Aluminum Leg Aluminum Leg Large Storage Unit Medium Laser EM Pulse Cannon Flak Gun Flak Gun [Rating: 30] Favorites ----------- Power Reinforced Ion Engine Engine Reinforced Ion Engine Power Core Nuclear Core Propulsion Light Treads Treads Light Treads Leg Improved Carbon-fiber Leg Wheel Compact Wheel Utility Small Storage Unit Device Sensor Array Storage Small Storage Unit Processor Advanced Targeting Computer Weapon Light Cannon Energy Gun Medium Laser Energy Cannon EM Pulse Cannon Ballistic Gun Flak Gun Ballistic Cannon Light Cannon Build | -11 -10 -9 -8 ------- Run | Yrd Mat Mat Mat Slots Evolved 4 | . . 2 2 Power 1 | . . . 1 Propulsion 2 | . . 2 . Utility 1 | . . . 1 Weapon . | . . . . Parts Attached 58 | 6 9 17 26 Power 11 | 1 1 1 8 Engine 7 | 1 1 1 4 Core 4 | . . . 4 Reactor . | . . . . Propulsion 20 | 2 1 9 8 Treads 15 | 2 1 7 5 Leg 3 | . . . 3 Wheel 2 | . . 2 . Hover . | . . . . Flight . | . . . . Utility 7 | 1 3 1 2 Device 3 | . 2 . 1 Storage 2 | 1 . 1 . Processor 2 | . 1 . 1 Hackware . | . . . . Protection . | . . . . Artifact . | . . . . Weapon 20 | 2 4 6 8 Energy Gun 6 | . 3 3 . Energy Cannon 2 | . . . 2 Ballistic Gun 7 | 2 . . 5 Ballistic Cannon 5 | . 1 3 1 Launcher . | . . . . Special Weapon . | . . . . Impact Weapon . | . . . . Slashing Weapon . | . . . . Piercing Weapon . | . . . . Special Melee Weapon . | . . . . Unidentified Prototypes . | . . . . Parts Lost 25 | . 1 2 22 Power 5 | . 1 . 4 Propulsion 12 | . . 1 11 Utility 1 | . . . 1 Weapon 7 | . . 1 6 Highest Loss Streak 8 | . 1 1 8 To Critical Strikes 1 | . . . 1 Average Slot Usage (%) 93 | . 99 96 85 Engine 11 | . 13 11 9 Core 2 | . . . 7 Treads 22 | . 28 20 19 Leg 2 | . . . 8 Wheel 10 | . . 19 3 Device 8 | . 11 11 2 Storage 11 | . 14 11 9 Processor 2 | . 2 . 8 Energy Gun 6 | . 12 4 1 Ballistic Gun 6 | . 13 . 10 Ballistic Cannon 8 | . 1 16 1 Peak Build Rating 30 | 6 8 13 30 Average Rating 13 | 5 7 11 21 On Entrance 6 | . 6 7 12 Naked Turns . | . . . . Heaviest Build 47 | 12 14 39 47 Greatest Support 63 | 40 40 63 43 Greatest Overweight (x) 14 | . . . 14 Average Overweight (x) . | . . . . Largest Inventory Capacity 15 | 8 8 15 15 Average Capacity 11 | 7 8 11 15 Most Carried 10 | 6 8 10 10 Average Carried 7 | 4 6 7 8 Final Capacity 15 | 8 8 15 15 Final Carried 9 | 6 8 9 7 Class Distribution -------------------- 87% | Mutant 12% | Scavenger-Mutant Dominant Class ---------------- Mutant | -10/Materials Mutant | -9/Materials Mutant | -8/Materials Resources | -11 -10 -9 -8 ----------- Run | Yrd Mat Mat Mat Matter Collected 1487 | 214 205 696 372 Remotely . | . . . . Salvage Created 1907 | . 261 917 729 Parts 135 | . 22 68 45 Haulers Intercepted . | . . . . Recyclers Shooed 1 | . . . 1 Parts Field Recycled . | . . . . Retrieved Matter . | . . . . Parts Self-Destructed . | . . . . Prevented . | . . . . Kills | -11 -10 -9 -8 ------- Run | Yrd Mat Mat Mat Combat Hostiles Destroyed 52 | . 6 27 19 Guns 29 | . 6 7 16 Cannons 22 | . . 20 2 AOE 1 | . . . 1 Classes Destroyed 11 | . 4 5 2 Worker 3 | . 1 1 1 Tunneler 1 | . . . 1 Recycler 1 | . . 1 . Mechanic 1 | . . . 1 Operator 1 | . . 1 . Watcher 6 | . 2 2 2 Swarmer 13 | . 3 7 3 Grunt 26 | . 3 12 11 Brawler 3 | . . 1 2 Duelist 1 | . . 1 . Sentry 9 | . . 6 3 Best Kill Streak 9 | . 2 6 9 Combat Bots Only 6 | . 2 5 6 Max Kills in Single Turn 2 | . 1 1 2 Gunslinging . | . . . . Exploded 1 | . . . 1 Melee . | . . . . Uniques/NPCs Destroyed . | . . . . Combat | -11 -10 -9 -8 -------- Run | Yrd Mat Mat Mat Hostile Shots Fired 364 | . 55 103 206 Missed 89 | . 16 31 42 Damage Taken 3810 | . 489 874 2447 Core 654 | . 152 140 362 Absorbed by Shields . | . . . . Regen/Repaired (Parts) 115 | . . 115 . Core Remaining (%) 68 | 100 39 65 . Volleys Fired 224 | . 66 82 76 Largest 2 | . 2 2 2 Hottest 91 | . 75 85 91 Shots Fired 407 | . 126 149 132 Gun 289 | . 124 52 113 Cannon 118 | . 2 97 19 Launcher . | . . . . Special . | . . . . Kinetic 271 | . 66 97 108 Thermal 114 | . 52 47 15 Explosive . | . . . . Electromagnetic 22 | . 8 5 9 Robot Hit Streak 17 | . 9 17 14 Robot Miss Streak 6 | . 4 4 6 Penetration Max . | . . . . Secondary Targets 2 | . . . 2 Max Gunslinging Chain 1 | . . . 1 Shots Hit Robots 228 | . 43 93 92 Core Hits 146 | . 17 37 92 Critical Kills . | . . . . Critical Parts Destroyed . | . . . . Critical Strikes 9 | . 1 6 2 Burn 5 | . 1 2 2 Blast 4 | . . 4 . Melee Attacks . | . . . . Impact . | . . . . Slashing . | . . . . Piercing . | . . . . Sneak Attacks . | . . . . Combat Hostiles . | . . . . Follow-up Attacks . | . . . . Damage Inflicted 3923 | . 549 1539 1835 Guns 2319 | . 514 392 1413 Cannons 1495 | . . 1144 351 Explosions 92 | . 35 . 57 Melee . | . . . . Ramming 17 | . . 3 14 Kinetic 2975 | . 294 1144 1537 Thermal 699 | . 208 371 120 Explosive . | . . . . Electromagnetic 232 | . 47 21 164 Impact . | . . . . Slashing . | . . . . Piercing . | . . . . Highest Corruption 10 | . . 2 10 Average Corruption 7 | . . 1 9 Corruption Purged . | . . . . Corruption Blocked . | . . . . Effects 29 | . . 3 26 Message Errors 6 | . . 1 5 Matter Fused 5 | . . . 5 Heat Flow Errors 6 | . . . 6 Energy Discharges 2 | . . . 2 Parts Rejected 2 | . . . 2 Parts Fused 1 | . . . 1 Data Loss (minor) 2 | . . 1 1 Data Loss (major) 2 | . . 1 1 Misfires 1 | . . . 1 Alerts 1 | . . . 1 Weapon Failures 1 | . . . 1 Overload Shots . | . . . . Overflow Damage . | . . . . Projectiles . | . . . . Explosions . | . . . . Melee . | . . . . Knockbacks 15 | . . 15 . Impact 1 | . . 1 . Kinetic 12 | . . 12 . Secondary 2 | . . 2 . Self-Inflicted Damage 35 | . 35 . . Shots 1 | . 1 . . Rammed 6 | . . 1 5 Targets Rammed 7 | . . 1 6 Kicked . | . . . . Crushed 1 | . . . 1 Highest Temperature 452 | . 40 277 452 Average Temperature 88 | . 18 52 130 Received Heat Transfer 1578 | . 198 318 1062 Effects 11 | . . 3 8 Shutdowns 6 | . . . 6 Energy Bleed 1 | . . . 1 Interference 4 | . . 3 1 Siege Activations . | . . . . Robots Corrupted . | . . . . Combat Hostiles . | . . . . Parts Fried . | . . . . Impact Corruptions . | . . . . Robots Melted . | . . . . Combat Hostiles . | . . . . Parts Melted 3 | . 1 2 . Heat Transferred 2094 | . 583 1128 383 Parts Sabotaged . | . . . . Parts Stolen . | . . . . Parts Stripped . | . . . . Power Chain Reactions 2 | . 1 . 1 Alert | -11 -10 -9 -8 ------- Run | Yrd Mat Mat Mat Peak Influence 411 | . 158 401 411 Initial 169 | . . 2 169 Average 150 | . 35 153 258 Maximum Alert Level 2 | . . 2 2 Low Security (%) 62 | 100 100 64 23 Level 1 36 | . . 33 73 Level 2 1 | . . 1 2 Level 3 . | . . . . Level 4 . | . . . . Level 5 . | . . . . High Security . | . . . . Max Security . | . . . . Squads Dispatched 11 | . 1 4 6 Investigation 1 | . . . 1 Extermination . | . . . . Reinforcement 7 | . 1 4 2 Assault . | . . . . Garrison 3 | . . . 3 Intercept . | . . . . Searches Triggered . | . . . . Construction Impeded . | . . . . Haulers Reinforced . | . . . . Active Scanning Responses . | . . . . Cargo Convoy Interrupts . | . . . . Stealth | -11 -10 -9 -8 --------- Run | Yrd Mat Mat Mat Distress Signals 5 | . 1 2 2 Communications Jammed 16 | . . . 16 Distress Signals 12 | . . . 12 Times Spotted 100 | . 20 41 39 Peak Tracking Total 8 | . 5 6 8 Tactical Retreats 11 | . 4 2 5 Traps | -11 -10 -9 -8 ------- Run | Yrd Mat Mat Mat Traps Triggered 2 | . . 2 . Indirectly . | . . . . Trap Hack Attempts . | . . . . Triggered . | . . . . Disarmed . | . . . . Reprogrammed . | . . . . Reused . | . . . . Traps Extracted . | . . . . Installed . | . . . . Triggered . | . . . . Machines | -11 -10 -9 -8 ---------- Run | Yrd Mat Mat Mat Machines Disabled 4 | . 1 3 . Max in Single Turn 1 | . 1 1 . Machines Repaired . | . . . . Machines Dismantled . | . . . . Machines Sabotaged . | . . . . Overloaded Fab Kills . | . . . . Hacking | -11 -10 -9 -8 --------- Run | Yrd Mat Mat Mat Machines Accessed 6 | . 1 3 2 Terminals 4 | . 1 2 1 Fabricators . | . . . . Repair Stations 1 | . . 1 . Recycling Units . | . . . . Scanalyzers . | . . . . Garrison Access 1 | . . . 1 Total Hacks 15 | . 1 7 7 Successful 6 | . 1 2 3 Failed 9 | . . 5 4 Catastrophic 1 | . . 1 . Database Lockouts . | . . . . Manual . | . . . . Terminals 9 | . 1 4 4 Fabricators . | . . . . Repair Stations 3 | . . 3 . Recycling Units . | . . . . Scanalyzers . | . . . . Garrison Access 3 | . . . 3 Terminal Hacks 4 | . 1 . 3 Record 2 | . . . 2 Locate Traps 1 | . 1 . . Zone Layout 1 | . . . 1 Fabricator Hacks . | . . . . Repair Station Hacks 2 | . . 2 . Scan Component 1 | . . 1 . Repair 1 | . . 1 . Recycling Unit Hacks . | . . . . Scanalyzer . | . . . . Garrison Access Hacks . | . . . . Unauthorized Hacks . | . . . . Terminals . | . . . . Fabricators . | . . . . Repair Stations . | . . . . Recycling Units . | . . . . Scanalyzers . | . . . . Garrison Access . | . . . . Data Cores Recovered . | . . . . Used . | . . . . Hacking Detections 4 | . . 2 2 Full Trace Events 1 | . . . 1 Feedback Events . | . . . . Feedback Blocked . | . . . . Robot Schematics Acquired . | . . . . Robots Built . | . . . . Authchips . | . . . . Time . | . . . . Total Robot Build Rating . | . . . . Part Schematics Acquired . | . . . . Parts Built . | . . . . Authchips . | . . . . Time . | . . . . Total Part Build Rating . | . . . . Parts Repaired 1 | . . 1 . Time 26 | . . 26 . Parts Recycled . | . . . . Recycled Matter . | . . . . Retrieved Matter . | . . . . Retrieved Components . | . . . . Parts Scanalyzed . | . . . . Part Schematics Acquired . | . . . . Parts Damaged . | . . . . Bothacking | -11 -10 -9 -8 ------------ Run | Yrd Mat Mat Mat Used RIF Installer . | . . . . Robots Hacked . | . . . . Non-combat . | . . . . Combat . | . . . . Robot Hacks Applied . | . . . . Relay Couplers Released . | . . . . Fabnet Peak Effective % . | . . . . Robots Rewired . | . . . . Allies Hacked . | . . . . Hacks Repelled . | . . . . Allies | -11 -10 -9 -8 -------- Run | Yrd Mat Mat Mat Total Allies . | . . . . Largest Group . | . . . . Highest-Rated Group . | . . . . Highest-Rated Ally . | . . . . Total Orders . | . . . . Ally Attacks . | . . . . Total Damage . | . . . . Kills . | . . . . Allies Corrupted . | . . . . Allies Melted . | . . . . Intel | -11 -10 -9 -8 ------- Run | Yrd Mat Mat Mat Robot Analysis Total . | . . . . Derelict Logs Recovered . | . . . . Drone Launches . | . . . . Drone Recoveries . | . . . . Exploration | -11 -10 -9 -8 ------------- Run | Yrd Mat Mat Mat Turns Passed 3971 | 92 930 1858 1091 Spaces Moved 1456 | 50 373 693 340 Core 4 | 2 . . 2 Treads 1389 | 48 373 633 335 Legs 3 | . . . 3 Wheels 60 | . . 60 . Hover . | . . . . Flight . | . . . . Fastest Speed 50 | 50 160 100 160 Average Speed 171 | 155 160 154 222 Slowest Speed 750 | 160 160 160 750 Overloaded Moves . | . . . . Propulsion Burnouts . | . . . . Robots Hopped . | . . . . Cave-ins Triggered . | . . . . Exploration Rate (%) 38 | 5 49 70 31 Regions Visited 3 Branch Regions . Pre-discovered Areas . | . . . . Known Exits Taken . | . . . . Unknown Exits Taken 3 | 1 1 1 . Scrap Searched . | . . . . Spaces Dug . | . . . . Terrain Destroyed 13 | . 2 4 7 Melee . | . . . . Projectile 5 | . . 4 1 AOE 8 | . 2 . 6 Terrain Rammed . | . . . . Walls Destroyed . | . . . . Machines Disabled . | . . . . Actions | -11 -10 -9 -8 --------- Run | Yrd Mat Mat Mat Total 2501 | 61 579 1330 531 Wait 717 | . 126 521 70 Move 1453 | 49 372 692 340 Hop . | . . . . Pick Up 19 | 6 1 5 7 Fast Attach 24 | 6 5 3 10 Attach 20 | . 1 7 12 Detach 11 | . 3 5 3 Swap 14 | . 3 7 4 Drop 12 | . 2 7 3 Fire 224 | . 66 82 76 Melee . | . . . . Ram . | . . . . Kick . | . . . . Crush 7 | . . 1 6 Escape Stasis . | . . . . Rewire . | . . . . Trap . | . . . . Miscellaneous . | . . . . Route ------- -11/Scrapyard -10/Materials -9/Materials -8/Materials (discovered 1 exit: [*Sto]) History --------- Turn | Location | Event 46 | -11/Scrapyard | Discovered new exit (range 15) 93 | -11/Scrapyard | Entered Materials 315 | -10/Materials | Build established: Mutant 420 | -10/Materials | Core integrity fell below 50% 942 | -10/Materials | Discovered new exit (range 10) 1023 | -10/Materials | Entered another Materials area 1023 | -9/Materials | Evolved 2 slots: Propulsion x2 1527 | -9/Materials | Repaired Lgt. Treads 2754 | -9/Materials | Discovered new exit (range 8) 2881 | -9/Materials | Entered another Materials area 2881 | -8/Materials | Evolved 2 slots: Power x1, Utility x1 2907 | -8/Materials | Discovered new exit (range 16) 3188 | -8/Materials | Lost 4 parts (1p1n2w) 3329 | -8/Materials | Lost 3 parts (3n) 3598 | -8/Materials | Build established: Scavenger-Mutant 3665 | -8/Materials | Garrison activated, responded to threat 3702 | -8/Materials | Lost 3 parts (2p1n) 3952 | -8/Materials | System corruption reached 10% 3962 | -8/Materials | Core integrity fell below 50% 3972 | -8/Materials | Self-destructed Last Messages --------------- 03946_ Lgt. Treads destroyed. 03948_ System corrupted: EM Pulse Cannon failed to cycle. 03948_ S-10 Pest destroyed. 03948_ K-01 Serf collects debris. 03949_ Penetrated by Slug. 03950_ K-01 Serf collects debris. 03951_ Lgt. Treads destroyed. 03951_ System corrupted by crushing effect (+1). 03952_ K-01 Serf collects debris. 03954_ EM Pulse Cannon destroyed. 03955_ R-06 Scavenger collects Flight Unit. 03956_ K-01 Serf collects debris. 03958_ System corrupted: Heat flow error (+250). 03959_ K-01 Serf collects debris. 03960_ Imp. Carbon-fiber Leg destroyed. 03963_ Flak Gun destroyed. 03963_ K-01 Serf collects debris. 03964_ Slug penetrates Wall. 03967_ K-01 Serf collects debris. Map ----- +----------------------------------------------------+ | | | | | | | | | | | | | | | | | | | | | | | | | | | | | | | | | | | ?????????????????????????????????????????????????? | | ?????????????????????????????????????????????????? | | ????????????????????????########?????????????????? | | ????????????????######### #?????????????????? | | ????????????????+ ^ / #?????????????????? | | ????????????????# ^ #kh #?????????????????? | | ?????????######## ^"T g# #?????????????????? | | ???????? b #?????????????????? | | ???????? % %#@ #?????????????????? | | ?????????####### =########?????????????????? | | ???????????????##^ """ #????????????????????????? | | ?????????# # """ #???#????????????????????? | | ?????????# # """ #???#????????????????????? | | ?????????# + #???#????????????????????? | | ?????????# """ # #???#????????????????????? | | ?????????# """ # """ ########??????#??????????? | | ?????????# """ # """ # ### ??????????? | | ?????????######## """ # + ?????????????? | | ????????????????# # = #?????????????????? | | ????????????????# / #?????????????????? | | ????????????????#### # #?????????????????? | | ####???????????????# # #?????????????????? | | #???????????????# ########?????????????????? | | #??????########## #????????????????????????? | | #??????# # ######???????????????????? | | #??????# "" # +????????????? | | "" #??????# "T # ##########??????????????????? | | "" #??????# "" # #???????????????????????????? | | "" #??????# # #???????????????????????????? | | ######## """ # #???????????????????????????? | | ####==! # """ # #?########??????????????????? | | ???# =!! # """ # #?# ???????????????????? | | ???# # #%#?#= """ ??????????????????? | +----------------------------------------------------+ Best States ------------- Heat Dissipation 31 Energy Generation 23 Energy Capacity 440 Matter Stores 300 Matter Capacity 300 Sight Range 18 Robot Scan Range 14 Terrain Scan Density 10 ECM Strength 1 Jamming Range 12 Evasion (%) 40 Targeting Accuracy 8 Recoil Reduction 3 Item Schematics ----------------- None Robot Schematics ------------------ None Fabricated ------------ Nothing Alien Tech Used ----------------- None Achievements -------------- Total Silence Challenges ------------ None Game ------ Seed AuthchipDirtyGenerator Manual? 0 Play Time 00:34:12 Cumulative 17.1 hours Start 2024.11.08 @ 14:50:26 End 2024.11.08 @ 15:21:26 Sessions 1 Manual Loads 0 Difficulty Rogue Special Mode None Game No. 56 Rogue 56 Adventurer 0 Explorer 0 Win Type - Total 0 Types 0/0/0/0/0/0/0/0/0 Lore% 7 Gallery% 18 Achievement% 16 Wizard Run 0 Options --------- Layout 1 ASCII 0 Keyboard 0 Movement Numpad Keybinds 0 Fullscreen 0 Font 20/SmallcapsGlow Map View 50x35 Zoom Use 0% Tactical HUD 1 Map Filters NONE Filters NONE Steam 1 RUN: 0e327607-ce89-42c0-81b8-bc8d297e96ac